 Dungeon Crawl Stone Soup version 0.29-a0-330-g52719c12eb (webtiles) character file.

Game seed: 4121627508718272267

245 Armakuni the Skirmisher (level 6, -7/49 HPs)
             Began as a Human Transmuter on Apr 15, 2022.
             Mangled by a mummy (15 damage)
             ... in an ossuary.
             The game lasted 00:10:32 (4274 turns).

Armakuni the Skirmisher (Human Transmuter)          Turns: 4274, Time: 00:10:33

Health: -7/49      AC:  4    Str: 10    XL:     6   Next: 32%
Magic:  7/9        EV: 12    Int: 13    God:
Gold:   78         SH:  0    Dex: 12    Spells: 3/9 levels left

rFire   . . .      SeeInvis .   a - +3 quarterstaff (freeze)
rCold   + . .      Faith    .   (shield currently unavailable)
rNeg    . . .      Spirit   .   b - +0 robe
rPois   .          Reflect  .   (no helmet)
rElec   .          Harm     .   i - +1 cloak
rCorr   .          Rampage  .   (no gloves)
Will    .....                   (no boots)
Stlth   +.........              (no amulet)
HPRegen 0.16/turn               (no ring)
MPRegen 0.11/turn               (no ring)

@: wereblooded
A: clumsy 1, cold resistance 1, weak 1
a: no special abilities


You were in an ossuary.
You visited 1 branch of the dungeon, and saw 4 of its levels.
You also visited: Ossuary.

You collected 78 gold pieces.

Inventory:

Hand Weapons
 a - a +3 quarterstaff of freezing (weapon)
Missiles
 f - 4 poisoned darts
Armour
 b - a +0 robe (worn)
 h - a +0 leather armour
 i - a +1 cloak (worn)
Jewellery
 g - a ring of fire
 l - a ring of willpower
Scrolls
 d - 2 scrolls of identify
 e - a scroll of teleportation
 k - a scroll of brand weapon


   Skills:
 + Level 4.3 Fighting
 - Level 2.0 Dodging
 - Level 3.0 Unarmed Combat
 - Level 2.0 Spellcasting
 - Level 3.0 Transmutations
 - Level 3.0 Poison Magic


You had 3 spell levels left.
You knew the following spells:

 Your Spells              Type           Power      Damage    Failure   Level
a - Beastly Appendage     Tmut           18%        N/A       8%          1
h - Spider Form           Tmut/Pois      9%         N/A       22%         3
w - Wereblood             Tmut           9%         N/A       11%         2

Your spell library contained the following spells:

 Spells                   Type           Power      Damage    Failure   Level
 Ice Form                 Ice/Tmut       5%         N/A       80%         4


Dungeon Overview and Level Annotations

Branches:
Dungeon (4/15)            Ossuary (1/1)
 Temple: D:4-7

Altars:
Ashenzari
Okawaru
Trog
The Shining One

Annotations:
D:3 Sigmund
D:4 2 transporters, robertstho's ghost, novice DjFE


Innate Abilities, Weirdness & Mutations

You are clumsy. (Dex -2)
Your flesh is cold resistant. (rC+)
You are weak. (Str -2)


Message History

You start resting.
Magic restored.
Unknown command.
Adjust (i)tems, (s)pells, or (a)bilities?
j - a +3 quarterstaff of chaos Adjust to which letter? (? for menu, Esc to quit)
b - a +3 quarterstaff of chaos;
j - a +0 mace You drop a +0 mace.
HP restored.
A kobold zombie and 2 mummies come into view.
You aren't carrying any items that you can evoke.
As you read the scroll of identify, it crumbles to dust.
k - 2 scrolls of brand weapon
As you read the scroll of brand weapon, it crumbles to dust.
Your +3 quarterstaff of chaos is covered with a thin layer of ice!
b - a +3 quarterstaff of freezing Your +3 quarterstaff of freezing glows with a cold blue light!
b - a +3 quarterstaff of freezing (weapon)
Adjust (i)tems, (s)pells, or (a)bilities?
b - a +3 quarterstaff of freezing (weapon)
Adjust to which letter? (? for menu, Esc to quit)
a - a +3 quarterstaff of freezing (weapon)
b - a +0 robe (worn)
Unknown command.
Casting: Spider Form (dangerous; 22% risk of failure)
Confirm with . or Enter, or press ? or * to list all spells.
Your blood is infused with primal strength.
The mummy closely misses you. The mummy hits you!
You barely miss the mummy. The mummy hits you! x2
You are too injured to fight recklessly!
You are too injured to fight recklessly!
You thump the mummy!
The mummy is severely damaged.
The mummy barely misses you.
You completely miss the mummy.
The mummy is severely damaged.
The mummy hits you!
* * * LOW HITPOINT WARNING * * *
You feel better. The mummy hits you!
You die...

...........
#........
#......
#....#
#....#
#....#
#....#
#MM..#
#.@..#
#....#
#..).#
#.∩∩.#
######


You could see 2 mummies.

Vanquished Creatures
  Blork the orc (D:4)
  Crazy Yiuf (D:3)
  An orc wizard (D:3)
  3 adders
  2 worms (D:2)
  A dart slug (D:2)
  4 orcs (D:3)
  9 ball pythons
  7 endoplasms
  4 giant cockroaches
  7 goblins
  9 hobgoblins
  5 quokkas
  8 bats
  5 frilled lizards
  2 gnoll zombies (Ossuary)
  7 kobolds
  2 kobold zombies (Ossuary)
  2 orc zombies (Ossuary)
  3 rats
83 creatures vanquished.

Vanquished Creatures (others)
  A wizard (D:3)
1 creature vanquished.

Grand Total: 84 creatures vanquished

Notes
Turn   | Place    | Note
-------+----------+-------------------------------------------
     0 | D:1      | Armakuni the Human Transmuter began the quest for the Orb.
     0 | D:1      | Reached XP level 1. HP: 15/15 MP: 3/3
   326 | D:1      | Reached XP level 2. HP: 21/22 MP: 3/5
   327 | D:1      | Reached skill level 2 in Fighting
   395 | D:1      | You fall into a shaft and drop 1 floor!
   489 | D:2      | Reached XP level 3. HP: 28/28 MP: 6/6
   541 | D:2      | Learned a level 2 spell: Wereblood
   648 | D:2      | Reached skill level 3 in Fighting
  1090 | D:1      | Reached XP level 4. HP: 31/35 MP: 2/7
  1731 | D:2      | Gained mutation: You do not regenerate when monsters are
                  | visible. [potion of mutation]
  1732 | D:2      | Lost mutation: You do not regenerate when monsters are
                  | visible. [potion of mutation]
  1732 | D:2      | Gained mutation: You passively map a small area around you.
                  | [potion of mutation]
  1732 | D:2      | Gained mutation: You are weak. (Str -2) [potion of
                  | mutation]
  1732 | D:2      | Gained mutation: Your mind is acute. (Int +2) [potion of
                  | mutation]
  1737 | D:2      | Learned a level 3 spell: Spider Form
  1994 | D:3      | Noticed Sigmund
  2566 | D:3      | Reached skill level 1 in Poison Magic
  2566 | D:3      | Reached XP level 5. HP: 23/42 MP: 5/8
  2877 | D:3      | Found a glowing golden altar of the Shining One.
  2892 | D:3      | Found a bloodstained altar of Trog.
  2895 | D:3      | Noticed a wizard
  2899 | D:3      | Killed a wizard
  3389 | D:3      | Found a runed translucent door.
  3390 | D:3      | Noticed Crazy Yiuf
  3462 | D:3      | Killed Crazy Yiuf
  3792 | D:3      | Found a broken altar of Ashenzari.
  3997 | D:4      | Noticed robertstho's ghost (novice DjFE)
  3997 | D:4      | Found a transporter.
  3997 | D:4      | Found a transporter.
  4038 | D:4      | Lost mutation: You are weak. (Str -2) [potion of mutation]
  4038 | D:4      | Lost mutation: You passively map a small area around you.
                  | [potion of mutation]
  4038 | D:4      | Lost mutation: Your mind is acute. (Int +2) [potion of
                  | mutation]
  4038 | D:4      | Gained mutation: You are weak. (Str -2) [potion of
                  | mutation]
  4038 | D:4      | Gained mutation: You are clumsy. (Dex -2) [potion of
                  | mutation]
  4038 | D:4      | Gained mutation: Your flesh is cold resistant. (rC+)
                  | [potion of mutation]
  4052 | D:4      | Found an iron altar of Okawaru.
  4063 | D:4      | Found a sand-covered staircase.
  4068 | D:4      | Noticed Blork the orc
  4082 | D:4      | Killed Blork the orc
  4083 | D:4      | Reached skill level 4 in Fighting
  4083 | D:4      | Reached XP level 6. HP: 21/48 MP: 6/9
  4118 | Ossuary  | Entered an ossuary
  4273 | Ossuary  | HP: 2/49 [mummy (15)]
  4274 | Ossuary  | Mangled by a mummy

Illustrated notes

Levels and vault maps discovered:
D:1:      heliophobic_arrival_ceremonial_halls, layout_rooms
D:2:      layout_basic, minmay_misc_feat_secret_circle
D:3:      layout_basic, mainiacjoe_overflow_tiny_flanked,
          nicolae_ashenzari_skybound, trog_wizard, uniq_crazy_yiuf_cottage,
          uniq_sigmund
D:4:      layout_basic, mainiacjoe_overflow_surrounded_room,
          doesnt_xom_only_xom, enter_ossuary_3, gammafunk_ghost_arena,
          uniq_blork_the_orc, uniq_menkaure, uniq_eustachio
Ossuary:  ossuary_tomb_3

Skill      XL: |  1  2  3  4  5 |
---------------+----------------+-----
Fighting       | 2 3 4 |  4.3
Poison Magic   | 1 3 |  3.0
Transmutations | 3 |  3.0
Dodging        | |  2.0
Unarmed Combat | |  3.0
Spellcasting   | |  2.0

Action                   |  1- 3 |  4- 6 || total
-------------------------+-------+-------++-------
Melee: Unarmed           |    91 |   163 ||   254
       Kick              |    18 |    24 ||    42
       Headbutt          |     6 |    10 ||    16
       Punch             |     1 |     2 ||     3
       Quarterstaff      |       |     3 ||     3
 Cast: Beastly Appendage |    16 |    21 ||    37
       Wereblood         |     2 |     1 ||     3
       Spider Form       |       |    11 ||    11
  Use: Potion            |     1 |     5 ||     6
       Scroll            |     4 |     5 ||     9
 Stab: Sleeping          |       |     1 ||     1
Armor: Robe              |    22 |    10 ||    32
       Skin              |    12 |     4 ||    16
Dodge: Dodged            |    43 |   117 ||   160

Table legend: (Time is in decaauts)
 A = Elapsed time spent in this place.
 B = Non-inter-level travel time spent in this place.
 C = Inter-level travel time spent in this place.
 D = Time resting spent in this place.
 E = Time spent auto-exploring this place.
 F = Levels seen in this place.
 G = Mean time per level.
                   A        B        C        D        E       F      G
               +--------+--------+--------+--------+--------+-----+--------+
         Total |   4264 |   4157 |    107 |   1498 |   1674 |   5 |  852.8 |
       Dungeon |   4109 |   4002 |    107 |   1441 |   1637 |   4 | 1027.2 |
       Ossuary |    155 |    155 |      0 |     57 |     37 |   1 |  155.0 |
               +--------+--------+--------+--------+--------+-----+--------+

Top non-repeatable levels by time:
     D:3: 1626 daAuts
     D:1: 1230 daAuts
     D:2: 1132 daAuts
 Ossuary: 155 daAuts
     D:4: 120 daAuts
